 Dungeon Crawl Stone Soup version 0.29.1 (webtiles) character file.

Game seed: 16586195802981099327

734 raistware the Conjurer (level 7, -9/41 HPs)
             Began as an Octopode Conjurer on Sept 12, 2022.
             Killed by divine providence
             ... invoked by an orc priest
              (16 damage)
             ... on level 5 of the Dungeon.
             The game lasted 00:09:27 (6333 turns).

raistware the Conjurer (Octopode Conjurer)          Turns: 6333, Time: 00:09:27

Health: -9/41      AC:  1    Str:  7    XL:     7   Next: 74%
Magic:  6/15       EV: 13    Int: 22    God:
Gold:   332        SH:  0    Dex: 10    Spells: 12/17 levels left

rFire   . . .      SeeInvis .   (no weapon)
rCold   . . .      Faith    .   (no shield)
rNeg    + . .      Spirit   .   (helmet restricted)
rPois   +          Reflect  .   (no amulet)
rElec   .          Harm     .   q - ring of flight
rCorr   .          Rampage  .   y - ring of poison resistance
Will    .....                   z - ring of positive energy
Stlth   +++.......              (no ring)
HPRegen 0.13/turn               (no ring)
MPRegen 0.14/turn               (no ring)
                                (no ring)
                                (no ring)

@: flying
A: almost no armour, amphibious, 8 rings, camouflage 1, gelatinous body 1,
(nimble swimmer 1), tentacles
a: no special abilities


You were on level 5 of the Dungeon.
You visited 1 branch of the dungeon, and saw 5 of its levels.

You collected 332 gold pieces.

Inventory:

Missiles
 j - 24 poisoned darts
Jewellery
 q - a ring of flight (left tentacle)
 y - a ring of poison resistance (right tentacle)
 z - a ring of positive energy (on tentacle)
Scrolls
 d - 3 scrolls of blinking {unknown}
 e - 5 scrolls of teleportation
 i - 3 scrolls of identify {unknown}
 k - a scroll of immolation {unknown}
 l - a scroll of summoning {unknown}
 o - a scroll of enchant weapon {unknown}
 p - a scroll of vulnerability {unknown}
 r - a scroll of fear {unknown}
 u - a scroll of brand weapon {unknown}
 v - a scroll of fog {unknown}
 A - a scroll of enchant armour {unknown}
Potions
 a - a potion of magic
 b - 3 potions of curing
 c - a potion of resistance {unknown}
 f - a potion of heal wounds {unknown}
 g - 2 potions of might {unknown}
 h - 4 potions of haste {unknown}
 m - 2 potions of lignification {unknown}
 n - a potion of mutation {unknown}
 s - a potion of brilliance {unknown}
 t - a potion of ambrosia {unknown}
 w - a potion of degeneration {unknown}
 x - a potion of attraction {unknown}


   Skills:
 - Level 2.0 Dodging
 - Level 3.0 Stealth
 + Level 5.9 Spellcasting
 - Level 6.0 Conjurations
 - Level 3.0 Translocations


You had 12 spell levels left.
You knew the following spells:

 Your Spells              Type           Power      Damage    Failure   Level
a - Magic Dart            Conj           100%       1d8       1%          1
b - Iskenderun's Mystic   Conj/Tloc      26%        2d7       14%         4

Your spell library contained the following spells:

 Spells                   Type           Power      Damage    Failure   Level
 Searing Ray              Conj           64%        2d6       1%          2
 Apportation              Tloc           38%        N/A       2%          1
 Dazzling Flash           Conj/Hex       38%        N/A       9%          3
 Mephitic Cloud           Conj/Pois/Air  15%        N/A       12%         3
 Fulminant Prism          Conj/Hex       9%         3d7       26%         4
 Ignite Poison            Fire/Tmut/Pois 6%         N/A       28%         3
 Inner Flame              Hex/Fire       6%         N/A       28%         3
 Cause Fear               Hex            3%         N/A       67%         4
 Freezing Cloud           Conj/Ice/Air   7%         6-21      75%         5
 Alistair's Intoxication  Tmut/Pois      4%         N/A       95%         5
 Discord                  Hex            3%         N/A       100%        8


Dungeon Overview and Level Annotations

Branches:
Dungeon (5/15)
 Temple: D:4-7

Altars:
Dithmenos
Kikubaaqudgha


Innate Abilities, Weirdness & Mutations

You cannot wear most types of armour.
You are amphibious.
You can wear up to eight rings at the same time.
Your skin changes colour to match your surroundings (Stealth+).
Your rubbery body absorbs attacks. (AC +1, EV +1)
((You are camouflaged when in or above water. (Stealth+)))
You have tentacles for arms and can constrict up to eight enemies at once.


Message History

Confirm with . or Enter, or press ? or * to list all spells.
Aiming: Magic Dart (safe; 1% risk of failure)
Press: ? - help, Shift-Dir - straight line, f - orc priest
Aim: an orc priest, wielding a +0 club and wearing a +0 leather armour (100% to hit)
The magic dart hits the orc priest but does no damage.
The orc priest completely misses you.
Casting: Magic Dart (safe; 1% risk of failure)
Confirm with . or Enter, or press ? or * to list all spells.
Aiming: Magic Dart (safe; 1% risk of failure)
Press: ? - help, Shift-Dir - straight line, f/p - orc priest
Aim: an orc priest, wielding a +0 club and wearing a +0 leather armour (100% to hit)
The magic dart hits the orc priest.
The orc priest is lightly wounded.
The orc priest hits you with a +0 club!
* * * LOW HITPOINT WARNING * * *
You tentacle-slap the orc priest but do no damage.
Your grab misses the orc priest.
The orc priest is lightly wounded.
The orc priest completely misses you.
You barely miss the orc priest. You grab the orc priest.
The orc priest is lightly wounded.
You constrict the orc priest, but do no damage.
The orc priest hits you with a +0 club.
* * * LOW HITPOINT WARNING * * *
Casting: Magic Dart (safe; 1% risk of failure)
Confirm with . or Enter, or press ? or * to list all spells.
Aiming: Magic Dart (safe; 1% risk of failure)
Press: ? - help, Shift-Dir - straight line, f/p - orc priest
Aim: an orc priest, wielding a +0 club and wearing a +0 leather armour (lightly wounded, constricted by you, 100% to hit)
The magic dart hits the orc priest.
The orc priest is lightly wounded.
You constrict the orc priest, but do no damage.
The orc priest closely misses you.
You tentacle-slap the orc priest but do no damage.
You squeeze the orc priest!
The orc priest is severely wounded.
You constrict the orc priest.
The orc priest calls down the wrath of Beogh upon you.
Beogh smites you!
You die...

# ##..# ###...#
##.....#
###......#
##....##..#
###...####..#
##...### ##.#
###o..#### ..
###..#@....## #.#
###o..##......##
.#
##...####.......##
###..###
##.......## #
###...##
#>.......#
)###†..###
#........#
.....###
##.......# ##.o.#
#.......# #...#
####...##


You could see an orc priest.

Vanquished Creatures
  Sigmund (D:5)
  A water moccasin (D:5)
  2 orc priests (D:4)
  2 iguanas
  Natasha (thrice) (D:3)
  3 orc wizards
  Robin (D:2)
  4 adders
  A shadow imp (D:3)
  A white imp (D:5)
  An ufetubus (D:5)
  3 worms
  4 dart slugs
  17 orcs
  6 ball pythons
  7 endoplasms
  2 giant cockroaches
  15 goblins
  11 hobgoblins
  7 jackals
  5 kobolds
  3 quokkas
  4 bats
  2 frilled lizards (D:3)
  9 rats
115 creatures vanquished.

Notes
Turn   | Place    | Note
-------+----------+-------------------------------------------
     0 | D:1      | raistware the Octopode Conjurer began the quest for the
                  | Orb.
     0 | D:1      | Reached XP level 1. HP: 11/11 MP: 3/3
   290 | D:1      | Found a faded altar of an unknown god.
   559 | D:1      | Reached XP level 2. HP: 17/17 MP: 1/5
  1268 | D:2      | Reached XP level 3. HP: 21/21 MP: 5/7
  1627 | D:2      | Noticed Robin
  1783 | D:2      | Killed Robin
  1794 | D:1      | Reached XP level 4. HP: 8/27 MP: 6/9
  2902 | D:3      | Noticed Natasha
  2907 | D:3      | Killed Natasha
  2908 | D:3      | Reached skill level 1 in Translocations
  2908 | D:3      | Reached XP level 5. HP: 31/31 MP: 5/11
  2920 | D:3      | Noticed Natasha
  2923 | D:3      | Killed Natasha
  3346 | D:3      | Noticed Natasha
  3350 | D:3      | Killed Natasha
  4003 | D:4      | Found a shadowy altar of Dithmenos.
  4122 | D:4      | Reached XP level 6. HP: 28/36 MP: 7/12
  4529 | D:4      | Found an ancient bone altar of Kikubaaqudgha.
  4731 | D:4      | Reached skill level 5 in Conjurations
  5069 | D:4      | Reached skill level 5 in Spellcasting
  5349 | D:4      | Learned a level 4 spell: Iskenderun's Mystic Blast
  5370 | D:5      | Entered Level 5 of the Dungeon
  5379 | D:5      | HP: 1/36 [iguana (12)]
  5720 | D:5      | Noticed a water moccasin
  5726 | D:5      | Killed a water moccasin
  5727 | D:5      | Reached XP level 7. HP: 23/41 MP: 1/14
  5973 | D:5      | Noticed Sigmund
  5985 | D:5      | Killed Sigmund
  5986 | D:5      | Reached skill level 6 in Conjurations
  6333 | D:5      | Killed from afar by an orc priest

Illustrated notes

Levels and vault maps discovered:
D:1:      grunt_arrival_lava_bath, layout_basic, nicolae_ecumenical_lake_church,
          chequers_serial_rivers_micro_c
D:2:      layout_basic, uniq_robin
D:3:      layout_basic, uniq_natasha
D:4:      layout_basic, kiku_gazebo_pond_becter,
          mainiacjoe_overflow_surrounded_room
D:5:      layout_cave_pods, chequers_serial_rivers_room_b, grunt_ministairs_13,
          uniq_sigmund

Skill      XL: |  1  2  3  4  5  6  7 |
---------------+----------------------+-----
Spellcasting   | 3 4 5 |  5.9
Translocations | 1 2 3 |  3.0
Conjurations   | 5 6 |  6.0
Stealth        | 3 |  3.0
Dodging        | |  2.0

Action                   |  1- 3 |  4- 6 |  7- 9 || total
-------------------------+-------+-------+-------++-------
Melee: Unarmed           |    23 |    32 |     7 ||    62
       Tentacles         |     3 |     9 |     2 ||    14
       Constrict         |     4 |     9 |     2 ||    15
Throw: Dart              |       |       |     7 ||     7
 Cast: Magic Dart        |    70 |   164 |    24 ||   258
       Iskenderun's Myst |       |     2 |     3 ||     5
  Use: Potion            |       |     2 |       ||     2
       Scroll            |       |     1 |       ||     1
 Stab: Sleeping          |     1 |       |       ||     1
Armor: Skin              |     3 |     4 |       ||     7
Dodge: Dodged            |    12 |    36 |     5 ||    53
